 Dungeon Crawl Stone Soup version 0.27.1-16-g815e20cd7a (webtiles) character file.

Game seed: 4354939706556158573

33 CrazyMind the Ducker (level 3, -1/28 HPs)
             Began as a Djinni Gladiator on Nov 21, 2021.
             Slain by a centaur (2 damage)
             ... on level 3 of the Dungeon.
             The game lasted 00:04:20 (1493 turns).

CrazyMind the Ducker (Djinni Gladiator)             Turns: 1493, Time: 00:04:21

Health: -1/28      AC:  4    Str: 14    XL:     3   Next: 47%
Gold:   19         EV: 13    Int:  9    God:
                   SH:  0    Dex: 14

rFire    + + .     SeeInvis .   a - +0 long sword
rCold    x . .     Faith    .   (no shield)
rNeg     . . .     Spirit   .   b - +0 leather armour
rPois    ∞         Reflect  .   c - +0 helmet
rElec    .         Harm     .   (no cloak)
rCorr    .         Rampage  .   (no gloves)
Will     .....                  (boots unavailable)
Stlth    +.........             (no amulet)
HPRegen  0.09/turn              (no ring)
MPRegen  0.00/turn              (no ring)

@: flying
A: sickness immunity, fire resistance 2, cold vulnerability 1, float, innate
caster, hp casting, extra vitality 1
a: no special abilities


You were on level 3 of the Dungeon.
You visited 1 branch of the dungeon, and saw 3 of its levels.

You collected 19 gold pieces.

Inventory:

Hand Weapons
 a - a +0 long sword (weapon)
 e - a +0 dagger of speed
Missiles
 d - 3 throwing nets (quivered)
 f - 22 stones
Armour
 b - a +0 leather armour (worn)
 c - a +0 helmet (worn)
Scrolls
 i - a scroll of enchant armour {unknown}
 j - a scroll of identify {unknown}
Potions
 g - a potion of ambrosia {unknown}
 h - a potion of attraction {unknown}


   Skills:
 + Level 2.1 Fighting
 + Level 3.2 Long Blades
 + Level 1.6 Throwing
 + Level 1.0 Armour
 + Level 3.7 Dodging


You had one spell level left.
You knew the following spells:

 Your Spells              Type           Power      Damage    Failure   Level
a - Sting                 Tmut/Pois      0%         1d3       45%         1
Your spell library was empty.

Dungeon Overview and Level Annotations

Branches:
Dungeon (3/15)

Altars:
Nemelex Xobeh

Annotations:
D:2 1 runed translucent door, Crazy Yiuf, Jessica


Innate Abilities, Weirdness & Mutations

You are immune to sickness and miasma.
You are immune to poison.
Your flesh is very heat resistant. (rF++)
You are vulnerable to cold. (rC-)
You float through the air rather than walking.
You learn spells naturally, not from books.
Your magical power is your life essence.
You have superior vitality. (+4 HP)


Message History

No target in view!
Press: ? - help, v - describe, . - travel
Here: Jessica, wielding a +0 club and wearing a +0 robe The floor.
Unknown command.
Unknown command.
Unknown command.
Unknown command.
Unknown command.
Jessica points at you and mumbles some strange words.
Pain shoots through your body!
There is a stone staircase leading down here.
Jessica gestures at you while chanting.
You barely resist.
You fly downwards.
Found a scale mail.
There is a stone staircase leading up here.
An orc comes into view. It is wielding a +0 club.
The orc shouts!
The goblin shouts!
You hear a shout! x3
A centaur comes into view.
The centaur wields a +0 shortbow.
The centaur shoots an arrow.
The arrow barely misses you.
The centaur shoots an arrow.
The arrow hits you.
The centaur shoots an arrow.
The arrow closely misses you.
The centaur unwields a +0 shortbow.
The centaur hits you.
* * * LOW HITPOINT WARNING * * *
The centaur completely misses you.
You hit the centaur but do no damage. The centaur hits you.
* * * LOW HITPOINT WARNING * * *
The centaur kicks you but does no damage.
The centaur barely misses you.
You riposte.
You hit the centaur.
The centaur is moderately wounded.
The centaur kicks you.
* * * LOW HITPOINT WARNING * * *
You hit the centaur.
The centaur is heavily wounded.
The centaur hits you.
* * * LOW HITPOINT WARNING * * *
The centaur kicks you.
You die...

#. ....# #.
####....# +#####.
#.......#
.......##.#.....#
..... ........#
... #.#.....#
#c##.#...[.##.
#@...........
###..<.......
#...g......
#..........
..#.........
##...........
##..........
#..........
#..........


You could see a centaur and a goblin.

Vanquished Creatures
  2 dart slugs (D:1)
  2 ball pythons (D:1)
  A bat (D:2)
  2 endoplasms
  2 giant cockroaches (D:1)
  2 hobgoblins
  2 jackals (D:2)
  4 quokkas
  2 frilled lizards (D:1)
  4 kobolds (D:1)
  2 rats
25 creatures vanquished.

Notes
Turn   | Place    | Note
-------+----------+-------------------------------------------
     0 | D:1      | CrazyMind the Djinni Gladiator began the quest for the Orb.
     0 | D:1      | Reached XP level 1. HP: 18/18 MP: 0/0
   307 | D:1      | Reached XP level 2. HP: 23/23 MP: 0/0
   838 | D:1      | Reached XP level 3. HP: 28/28 MP: 0/0
   838 | D:1      | Learned a level 1 spell: Sting
  1279 | D:2      | Found a runed translucent door.
  1280 | D:2      | Noticed Crazy Yiuf
  1322 | D:2      | Reached skill level 1 in Armour
  1341 | D:2      | Found a sparkling altar of Nemelex Xobeh.
  1478 | D:2      | Noticed Jessica
  1488 | D:3      | Noticed a centaur
  1493 | D:3      | HP: 1/28 [centaur (1)]
  1493 | D:3      | Slain by a centaur

Illustrated notes

Levels and vault maps discovered:
D:1:      amcnicky_arrival_blooded_trapdoor, layout_basic
D:2:      layout_loops_ring, ebering_ecumenical_altar_rust, basic_altar,
          uniq_crazy_yiuf_cottage, uniq_jessica
D:3:      layout_basic, fedhas_altar_fruit_tree,
          wander_ebering_terrifying_dragon_lair

Skill      XL: |  1  2  3 |
---------------+----------+-----
Long Blades    | 3 |  3.2
Armour         | 1 |  1.0
Fighting       | |  2.1
Throwing       | |  1.6
Dodging        | |  3.7

Action                   || total
-------------------------++-------
Melee: Long sword        ||    70
 Stab: Sleeping          ||     1
Armor: Leather armour    ||    29
Dodge: Dodged            ||    46
       Rpst.: Long sword ||    16
